 Dungeon Crawl Stone Soup version 0.26.1-11-gd32895ea62 (webtiles) character file.

Game seed: 2800868795072591718

267 Zeld the Cudgeller (level 6, -4/39 HPs)
             Began as an Octopode Warper on May 16, 2021.
             Slain by a worker ant (7 damage)
             ... on level 5 of the Dungeon.
             The game lasted 00:04:31 (4707 turns).

Zeld the Cudgeller (Octopode Warper)                Turns: 4707, Time: 00:04:32

Health: -4/39      AC:  1    Str: 13    XL:     6   Next: 21%
Magic:  1/10       EV: 13    Int: 15    God:
Gold:   173        SH:  0    Dex: 11    Spells: 0/11 levels left

rFire    . . .     SeeInvis .   a - +0 mace
rCold    . . .     Faith    .   (no shield)
rNeg     . . .     Spirit   .   (helmet restricted)
rPois    .         Reflect  .   (no amulet)
rElec    .         Harm     .   (no ring)
rCorr    .         Rampage  .   (no ring)
Will     .....                  (no ring)
Stlth    ++........             (no ring)
HPRegen  0.13/turn              (no ring)
MPRegen  0.12/turn              (no ring)
                                (no ring)
                                (no ring)

@: flying
A: almost no armour, stealthy swim, amphibious, 8 rings, constrict 8, camouflage
1, gelatinous body 1
a: no special abilities


You were on level 5 of the Dungeon.
You visited 1 branch of the dungeon, and saw 5 of its levels.

You collected 173 gold pieces.

Inventory:

Hand Weapons
 a - a +0 mace (weapon)
 o - a +4 mace
Missiles
 b - 5 boomerangs of dispersal
 f - 4 boomerangs (quivered)
Jewellery
 n - an uncursed ring of fire {unknown}
Wands
 p - a wand of digging (7)
Scrolls
 d - 10 scrolls of identify {unknown}
 g - a scroll of teleportation {unknown}
 j - 2 scrolls of remove curse {unknown}
 l - 2 scrolls of amnesia {unknown}
Potions
 e - a potion of might {unknown}
 h - a potion of flight
 i - a potion of mutation {unknown}
 k - a potion of curing {unknown}
 m - 2 potions of haste {unknown}


   Skills:
 - Level 2.0 Fighting
 * Level 4.7 Maces & Flails
 - Level 1.0 Throwing
 - Level 2.3 Dodging
 + Level 3.3 Spellcasting
 + Level 4.2 Translocations


You couldn't memorise any spells.
You knew the following spells:

 Your Spells              Type           Power        Failure   Level
a - Blink                 Tloc           N/A          5%          2
b - Gell's Gravitas       Tloc           7%           11%         3
c - Lesser Beckoning      Tloc           7%           11%         3
d - Teleport Other        Tloc           15%          11%         3

Your spell library contained the following spells:

 Spells                   Type           Power        Failure   Level
 Passage of Golubria      Tloc           N/A          34%         4


Dungeon Overview and Level Annotations

Branches:
Dungeon (6/15)
 Temple: D:4-7

Altars:
Uskayaw
Yredelemnul


Innate Abilities, Weirdness & Mutations

You cannot wear most types of armour.
You are very stealthy in the water. (Stealth+)
You are amphibious.
You can wear up to eight rings at the same time.
You can use your tentacles to constrict eight enemies at once.
Your skin changes colour to match your surroundings (Stealth+).
Your rubbery body absorbs attacks. (AC +1, EV +1)


Message History

You are too injured to fight recklessly!
You barely miss the worker ant. You grab the worker ant.
The worker ant is lightly wounded.
You constrict the worker ant.
The white imp grins evilly.
The worker ant closely misses you. The hound barely misses you.
You hit the worker ant but do no damage.
You squeeze the worker ant, but do no damage.
The worker ant is moderately wounded.
You constrict the worker ant, but do no damage.
The worker ant barely misses you. The hound bites you.
The white imp closely misses you. The hound bites you.
* * * LOW HITPOINT WARNING * * *
The worker ant barely misses you.
It was a potion of flight.
You feel very buoyant.
You fly up into the air.
You constrict the worker ant. The hound bites you.
* * * LOW HITPOINT WARNING * * *
The worker ant bites you!
You die...

# ###### ##
#.#..#.###..#
#....#.....#
###...h......#
......B@.....#
###...5......#
#...#........# .
##.s#.......... ...
#..............
#....##..###.........
#......[.....#......
##........####...###
#....<.###


You could see a scorpion, a hound, a worker ant and a white imp.

Vanquished Creatures
  A bullfrog (D:6)
  2 centaur skeletons (D:6)
  Ijyb (D:3)
  A worker ant (D:3)
  3 adders
  An ufetubus (D:6)
  2 dart slugs (D:1)
  3 leopard geckos
  A ball python (D:3)
  12 bats
  A giant cockroach (D:6)
  6 goblins
  8 hobgoblins
  11 kobolds
  A quokka (D:6)
  A frilled lizard (D:2)
  7 rats
62 creatures vanquished.

Notes
Turn   | Place    | Note
-------+----------+-------------------------------------------
     0 | D:1      | Zeld the Octopode Warper began the quest for the Orb.
     0 | D:1      | Reached XP level 1. HP: 14/14 MP: 3/3
   117 | D:1      | Reached XP level 2. HP: 15/19 MP: 5/5
   123 | D:1      | Learned a level 2 spell: Blink
  1073 | D:1      | Reached XP level 3. HP: 22/24 MP: 6/6
  1079 | D:1      | Learned a level 3 spell: Gell's Gravitas
  2184 | D:2      | Reached XP level 4. HP: 29/29 MP: 7/7
  2188 | D:2      | Learned a level 3 spell: Lesser Beckoning
  2234 | D:2      | Found a basalt altar of Yredelemnul.
  3245 | D:3      | Found a hide-covered altar of Uskayaw.
  3255 | D:3      | Noticed Ijyb
  3266 | D:3      | Killed Ijyb
  3267 | D:3      | Reached XP level 5. HP: 16/34 MP: 5/9
  3540 | D:3      | You fall into a shaft and drop 3 floors!
  4224 | D:6      | Reached XP level 6. HP: 22/39 MP: 10/10
  4228 | D:6      | Learned a level 3 spell: Teleport Other
  4493 | D:5      | Entered Level 5 of the Dungeon
  4707 | D:5      | Slain by a worker ant

Illustrated notes

Levels and vault maps discovered:
D:1:      matt_arrival_los_fun, layout_basic
D:2:      layout_rooms, overflow_temple_1_default, kennysheep_generic_room_11
D:3:      layout_loops_corners, general_overflow_altar,
          chequers_ecumenical_altar_lobes, fountainhead, kennysheep_donut,
          chequers_serial_rivers_room_a, uniq_ijyb, uniq_robin
D:5:      layout_layer_cave, chequers_temple_overflow_statue_of_worship,
          minmay_temple_entry_tees
D:6:      layout_rooms, grunt_temple_overflow_open, uniq_menkaure

Skill      XL: |  1  2  3  4  5 |
---------------+----------------+-----
Maces & Flails | 3 4 |  4.7
Spellcasting   | 3 |  3.3
Translocations | 4 |  4.2
Fighting       | |  2.0
Throwing       | |  1.0
Dodging        | |  2.3

Action                   |  1- 3 |  4- 6 || total
-------------------------+-------+-------++-------
Melee: Mace              |    83 |    69 ||   152
       Constrict         |    15 |    13 ||    28
       Tentacles         |     4 |    10 ||    14
 Cast: Lesser Beckoning  |       |     1 ||     1
       Blink             |       |     8 ||     8
       Gell's Gravitas   |       |     2 ||     2
  Use: Scroll            |       |     1 ||     1
       Potion            |       |     1 ||     1
 Stab: Sleeping          |     6 |     2 ||     8
Armor: Skin              |    11 |     7 ||    18
Dodge: Dodged            |    56 |    58 ||   114
